 Dungeon Crawl Stone Soup version 0.29.1-2-gbd0b4ee654 (webtiles) character file.

Game seed: 17033252998038819687

78 RUZZLEFAZAZZLE the Magician (level 4, -3/32 HPs)
             Began as a Gnoll Hedge Wizard on Nov 26, 2022.
             Killed from afar by an orc wizard (7 damage)
             ... with a magic dart
             ... on level 4 of the Dungeon.
             The game lasted 00:14:08 (3654 turns).

RUZZLEFAZAZZLE the Magician (Gnoll Hedge Wizard)    Turns: 3654, Time: 00:14:08

Health: -3/32      AC:  8    Str:  6 (9)  XL:     4   Next: 36%
Magic:  9/13       EV: 10    Int: 12 (15) God:
Gold:   194        SH:  0    Dex: 10 (12) Spells: 16/17 levels left

rFire   + . .      SeeInvis .   a - +0 dagger (flame)
rCold   x . .      Faith    +   (no shield)
rNeg    + . .      Spirit   .   f - +1 ring mail {rN+}
rPois   .          Reflect  .   c - +0 hat
rElec   .          Harm     .   p - scarf {repulsion}
rCorr   .          Rampage  .   (no gloves)
Will    .....                   j - +1 pair of boots
Stlth   ..........              l - amulet of faith
HPRegen 0.10/turn               o - ring of fire
MPRegen 0.13/turn               (no ring)

@: confused, repel missiles
A: fangs 1, strong nose, distributed training
a: no special abilities


You were on level 4 of the Dungeon.
You visited 1 branch of the dungeon, and saw 4 of its levels.

You collected 194 gold pieces.

Inventory:

Hand Weapons
 a - a +0 dagger of flaming (weapon)
 g - a +0 quarterstaff
Missiles
 n - a throwing net
Armour
 b - a +0 robe
 c - a +0 hat (worn)
 f - a +1 ring mail of positive energy (worn)
 j - a +1 pair of boots (worn)
 p - a scarf of repulsion (worn)
Jewellery
 l - an amulet of faith (around neck)
 o - a ring of fire (left hand)
Scrolls
 e - a scroll of poison
 i - 4 scrolls of identify
Potions
 d - a potion of magic


   Skills:
 + Level 1.2 Fighting
 + Level 1.2 Short Blades
 + Level 1.2 Long Blades
 + Level 1.2 Axes
 + Level 1.2 Maces & Flails
 + Level 1.2 Polearms
 + Level 1.2 Staves
 + Level 1.2 Ranged Weapons
 + Level 1.2 Throwing
 + Level 1.2 Armour
 + Level 4.6 Dodging
 + Level 4.3 Stealth
 + Level 1.2 Shields
 + Level 1.2 Unarmed Combat
 + Level 7.2 Spellcasting
 + Level 2.2 Conjurations
 + Level 1.0 Hexes
 + Level 2.2 Summonings
 + Level 1.0 Necromancy
 + Level 2.2 Translocations
 + Level 1.0 Transmutations
 + Level 1.0 Fire Magic
 + Level 1.0 Ice Magic
 + Level 1.0 Air Magic
 + Level 1.0 Earth Magic
 + Level 1.0 Poison Magic
 + Level 1.3 Invocations
 + Level 1.2 Evocations


You had 16 spell levels left.
You knew the following spells:

 Your Spells              Type           Power      Damage    Failure   Level
a - Magic Dart            Conj           36%        1d4       24%         1

Your spell library contained the following spells:

 Spells                   Type           Power      Damage    Failure   Level
 Blink                    Tloc           18%        N/A       36%         2
 Call Imp                 Summ           9%         N/A       36%         2
 Slow                     Hex            24%        N/A       38%         1
 Ensorcelled Hibernation  Hex/Ice        12%        N/A       54%         2
 Sublimation of Blood     Necr           6%         N/A       54%         2
 Wereblood                Tmut           6%         N/A       54%         2
 Conjure Flame            Conj/Fire      12%        6-21      67%         3
 Mephitic Cloud           Conj/Pois/Air  7%         N/A       71%         3
 Spider Form              Tmut/Pois      6%         N/A       77%         3
 Anguish                  Hex/Necr       3%         N/A       99%         4
 Summon Hydra             Summ           4%         N/A       100%        7


Dungeon Overview and Level Annotations

Branches:
Dungeon (4/15)
 Temple: D:4-7

Altars:
Trog
Wu Jian

Annotations:
D:3 Pargi


Innate Abilities, Weirdness & Mutations

You have very sharp teeth.
Your uncanny sense of smell can sniff out nearby items.
Your experience applies equally to all skills.


Message History

The orc closely misses you.
You hit something. You burn something. Your bite misses something.
The orc wizard hits you with a +0 dagger.
Something hits you but does no damage. The orc hits you but does no damage.
You hit something but do no damage. The orc hits you with a +0 club.
* * * LOW HITPOINT WARNING * * *
Something hits you but does no damage.
The orc wizard hits you but does no damage.
The orc wizard casts a spell.
The orc wizard flickers and vanishes!
Found a glowing sapphire potion.
Found 2 datura-tipped darts.
You're too confused to move!
You completely miss the giant cockroach.
Your bite misses the giant cockroach.
The giant cockroach bites you but does no damage.
The orc barely misses you.
You closely miss the giant cockroach. The giant cockroach bites you.
* * * LOW HITPOINT WARNING * * *
The orc hits you but does no damage.
You hit the giant cockroach but do no damage.
The giant cockroach closely misses you.
The giant cockroach bites you but does no damage.
You bump into the rock wall.
The giant cockroach bites you but does no damage.
You barely miss the giant cockroach. The orc closely misses you.
Something hits you.
* * * LOW HITPOINT WARNING * * *
The giant cockroach bites you but does no damage.
You bump into the rock wall.
The orc hits you with a +0 club.
* * * LOW HITPOINT WARNING * * *
You hear some strange, mumbled words.
Something tries to affect you, but you resist.
The giant cockroach bites you.
* * * LOW HITPOINT WARNING * * *
You hit the giant cockroach but do no damage.
You hear some strange, mumbled words.
A magic dart appears from out of thin air!
The magic dart hits you!
You die...

∆ ∆ ∆ ∆ #####
#.#######...
.......<#.#######
#.......†...B@..#
............{o#.#
..###########.#
.( . #.# ## #!#
#.# #.# #.# .#


You could see an orc and a giant cockroach.

Vanquished Creatures
  An adder (D:4)
  A dart slug (D:2)
  3 worms
  4 orcs (D:2)
  4 ball pythons
  4 endoplasms (D:1)
  2 giant cockroaches
  9 goblins
  4 hobgoblins
  2 quokkas (D:1)
  2 bats
  2 frilled lizards (D:1)
  6 kobolds
  7 rats
51 creatures vanquished.

Vanquished Creatures (others)
  5 toadstools (D:1)
5 creatures vanquished.

Grand Total: 56 creatures vanquished

Notes
Turn   | Place    | Note
-------+----------+-------------------------------------------
     0 | D:1      | RUZZLEFAZAZZLE the Gnoll Hedge Wizard began the quest for
                  | the Orb.
     0 | D:1      | Reached XP level 1. HP: 13/13 MP: 8/8
   112 | D:1      | Reached XP level 2. HP: 19/19 MP: 2/10
   831 | D:1      | Reached XP level 3. HP: 25/25 MP: 6/11
  1454 | D:1      | Reached skill level 1 in Invocations
  2103 | D:2      | Reached skill level 1 in Fighting
  2103 | D:2      | Reached skill level 1 in Short Blades
  2103 | D:2      | Reached skill level 1 in Long Blades
  2103 | D:2      | Reached skill level 1 in Axes
  2103 | D:2      | Reached skill level 1 in Maces & Flails
  2103 | D:2      | Reached skill level 1 in Polearms
  2103 | D:2      | Reached skill level 1 in Staves
  2103 | D:2      | Reached skill level 1 in Ranged Weapons
  2103 | D:2      | Reached skill level 1 in Throwing
  2103 | D:2      | Reached skill level 1 in Armour
  2103 | D:2      | Reached skill level 1 in Shields
  2103 | D:2      | Reached skill level 1 in Unarmed Combat
  2103 | D:2      | Reached skill level 1 in Evocations
  2295 | D:2      | Found a faded altar of an unknown god.
  2510 | D:3      | Found a bloodstained altar of Trog.
  2620 | D:3      | Reached XP level 4. HP: 32/32 MP: 10/13
  2760 | D:3      | Found an ornate altar of the Wu Jian Council.
  3042 | D:3      | Noticed Pargi
  3608 | D:4      | Reached skill level 1 in Hexes
  3608 | D:4      | Reached skill level 1 in Necromancy
  3608 | D:4      | Reached skill level 1 in Transmutations
  3608 | D:4      | Reached skill level 1 in Fire Magic
  3608 | D:4      | Reached skill level 1 in Ice Magic
  3608 | D:4      | Reached skill level 1 in Air Magic
  3608 | D:4      | Reached skill level 1 in Earth Magic
  3608 | D:4      | Reached skill level 1 in Poison Magic
  3654 | D:4      | Killed from afar by an orc wizard

Illustrated notes

Levels and vault maps discovered:
D:1:      ldierk_walled_garden, layout_loops_corners
D:2:      layout_rooms, hellmonk_ecumenical_altar_defaced_shrine
D:3:      layout_basic, pdpol_wu_jian_five_deadly_venoms,
          mainiacjoe_overflow_concentric_impassable, minmay_misc_feat_five,
          kennysheep_flooded_box, uniq_pargi
D:4:      layout_basic, grunt_temple_overflow_holy_war,
          minmay_temple_entry_drinking_statues, gup_sewer_entry_pipe,
          minmay_lizard_king, uniq_eustachio

Skill      XL: |  1  2  3  4 |
---------------+-------------+-----
Conjurations   | 2 |  2.2
Summonings     | 2 |  2.2
Translocations | 2 |  2.2
Invocations    | 1 |  1.3
Fighting       | 1 |  1.2
Short Blades   | 1 |  1.2
Long Blades    | 1 |  1.2
Axes           | 1 |  1.2
Maces & Flails | 1 |  1.2
Polearms       | 1 |  1.2
Staves         | 1 |  1.2
Ranged Weapons | 1 |  1.2
Throwing       | 1 |  1.2
Armour         | 1 |  1.2
Shields        | 1 |  1.2
Unarmed Combat | 1 |  1.2
Evocations     | 1 |  1.2
Hexes          | 1 |  1.0
Necromancy     | 1 |  1.0
Transmutations | 1 |  1.0
Fire Magic     | 1 |  1.0
Ice Magic      | 1 |  1.0
Air Magic      | 1 |  1.0
Earth Magic    | 1 |  1.0
Poison Magic   | 1 |  1.0
Dodging        | |  4.6
Stealth        | |  4.3
Spellcasting   | |  7.2

Action                   |  1- 3 |  4- 6 || total
-------------------------+-------+-------++-------
Melee: Dagger            |    81 |    86 ||   167
       Bite              |     4 |     8 ||    12
       Punch             |     1 |     1 ||     2
 Cast: Magic Dart        |    58 |    25 ||    83
  Use: Scroll            |     7 |     2 ||     9
       Potion            |     2 |     3 ||     5
 Stab: Sleeping          |     8 |     2 ||    10
Armor: Robe              |     6 |       ||     6
       Ring mail         |     9 |    98 ||   107
Dodge: Dodged            |    59 |    99 ||   158
